 Dungeon Crawl Stone Soup version 0.28.0-62-gf88900778d (webtiles) character file.

Game seed: 4859393263795135158

107 cbfl8 the Skirmisher (level 4, -1/40 HPs)
             Began as a Minotaur Fighter on Sept 8, 2023.
             Slain by Crazy Yiuf
             ... wielding a +4 quarterstaff of chaos
              (13 damage)
             ... on level 2 of the Dungeon.
             The game lasted 00:01:21 (1852 turns).

cbfl8 the Skirmisher (Minotaur Fighter)             Turns: 1852, Time: 00:01:22

Health: -1/40      AC:  7    Str: 22    XL:     4   Next: 57%
Magic:  3/3        EV:  9    Int:  5    God:
Gold:   42         SH:  5    Dex: 12    Spells: 3/3 levels left

rFire   x . .      SeeInvis .   a - +0 war axe
rCold   + . .      Faith    .   c - +0 buckler
rNeg    . . .      Spirit   .   b - +0 scale mail
rPois   .          Reflect  .   (helmet restricted)
rElec   .          Harm     .   (no cloak)
rCorr   .          Rampage  .   (no gloves)
Will    .....                   (no boots)
Stlth   ..........              (no amulet)
HPRegen 0.13/turn               h - ring of ice
MPRegen 0.08/turn               (no ring)

@: invisible
A: horns 2, retaliatory headbutt, screaming 1, strong 1
a: no special abilities


You were on level 2 of the Dungeon.
You visited 1 branch of the dungeon, and saw 2 of its levels.

You collected 42 gold pieces.

Inventory:

Hand Weapons
 a - a +0 war axe (weapon)
Armour
 b - a +0 scale mail (worn)
 c - a +0 buckler (worn)
Jewellery
 h - a ring of ice (left hand)
 k - a ring of resist corrosion
Scrolls
 e - a scroll of amnesia {unknown}
 j - a scroll of vulnerability {unknown}
 l - a scroll of immolation {unknown}
 n - a scroll of magic mapping {unknown}
Potions
 d - a potion of might
 g - a potion of brilliance


   Skills:
 + Level 4.2 Fighting
 + Level 3.8 Axes
 + Level 4.2 Armour
 + Level 4.1 Shields
 * Level 1.5 Evocations


You had 3 spell levels left.
You didn't know any spells.
Your spell library contained the following spells:

 Spells                   Type           Power      Damage    Failure   Level
 Summon Lightning Spire   Summ/Air       0%         N/A       100%        4
 Storm Form               Tmut/Air       0%         N/A       100%        7
 Maxwell's Capacitive Co  Air            0%         ∞         100%        8


Dungeon Overview and Level Annotations

Branches:
Dungeon (2/15)

Altars:

Shops:
D:2 !

Annotations:
D:2 Crazy Yiuf


Innate Abilities, Weirdness & Mutations

You have a pair of horns on your head.
You reflexively headbutt those who attack you in melee.
You occasionally shout uncontrollably at your foes.
Your muscles are strong. (Str +2)


Message History

You kill Jessica!
Things that are here:
a +0 dagger; a +0 robe; an adder corpse Sorry, you're not good enough to have a special ability.
Key pressed, stopping explore.
You open the door.
There is an open door here.
There is an open door here.
Key pressed, stopping explore.
No target in view!
There is an open door here.
You open the door.
There is an open door here.
There is an open door here.
Key pressed, stopping explore.
No target in view!
Crazy Yiuf shouts!
No reachable target in view!
Could not explore, unopened runed door.
No reachable target in view!
Could not explore, unopened runed door.
No reachable target in view!
Could not explore, unopened runed door.
No reachable target in view!
You open the door. You slash Crazy Yiuf! You headbutt Crazy Yiuf.
Crazy Yiuf is severely wounded.
Crazy Yiuf hits you with a +4 quarterstaff of chaos!
Crazy Yiuf burns you.
Crazy Yiuf hits you with a +4 quarterstaff of chaos!
* * * LOW HITPOINT WARNING * * *
You fade into invisibility!
You barely miss Crazy Yiuf. Your headbutt misses Crazy Yiuf.
Crazy Yiuf is severely wounded.
You block Crazy Yiuf's attack.
You hit Crazy Yiuf but do no damage.
You headbutt Crazy Yiuf, but do no damage.
Crazy Yiuf is severely wounded.
Crazy Yiuf hits you with a +4 quarterstaff of chaos!
You die...

#.....#.#
##...##########
######### #####
##### #)..#
#...# ... #g#
#@## ##.#
##########
###### #.##
#........#
#....# ##.#
#.######.#
#.#### ##.##
#.######.###
#.# ##.P.#
#.##.(......
#.#### #.P.P#
#.......)###
#....# ##..##
########## #
#....# #....###
######


You could see Crazy Yiuf.

Vanquished Creatures
  Jessica (D:2)
  An adder (D:2)
  A worm (D:2)
  6 dart slugs
  5 ball pythons (D:1)
  4 bats
  6 endoplasms (D:1)
  2 giant cockroaches
  5 goblins
  4 hobgoblins
  6 jackals
  A quokka (D:2)
  A frilled lizard (D:2)
  5 kobolds
  4 rats
52 creatures vanquished.

Notes
Turn   | Place    | Note
-------+----------+-------------------------------------------
     0 | D:1      | cbfl8 the Minotaur Fighter began the quest for the Orb.
     0 | D:1      | Reached XP level 1. HP: 19/19 MP: 0/0
    73 | D:1      | Reached XP level 2. HP: 23/27 MP: 1/1
   323 | D:1      | Reached XP level 3. HP: 33/33 MP: 2/2
   489 | D:1      | Reached skill level 1 in Evocations
   990 | D:2      | Found Ofuverih's Distillery.
  1165 | D:2      | Found a runed translucent door.
  1166 | D:2      | Noticed Crazy Yiuf
  1190 | D:2      | Reached XP level 4. HP: 40/40 MP: 3/3
  1530 | D:2      | Noticed Jessica
  1545 | D:2      | Gained mutation: Your muscles are strong. (Str +2) [potion
                  | of mutation]
  1545 | D:2      | Gained mutation: You occasionally shout uncontrollably at
                  | your foes. [potion of mutation]
  1546 | D:2      | Killed Jessica
  1852 | D:2      | Slain by Crazy Yiuf

Illustrated notes

Levels and vault maps discovered:
D:1:      dpeg_arrival_signposts, layout_rooms, chequers_serial_rivers_room_a,
          minmay_misc_feat_iff, st_stairs_5
D:2:      layout_loops_corners, serial_shops, nicolae_shop_behind_doors,
          uniq_jessica, uniq_crazy_yiuf_cottage

Skill      XL: |  1  2  3 |
---------------+----------+-----
Fighting       | 4 |  4.2
Shields        | 4 |  4.1
Evocations     | 1 |  1.5
Armour         | 4 |  4.2
Axes           | 3 |  3.8

Action                   |  1- 3 |  4- 6 || total
-------------------------+-------+-------++-------
Melee: War axe           |    87 |    18 ||   105
       Headbutt          |    14 |     4 ||    18
  Use: Potion            |       |     3 ||     3
Armor: Scale mail        |    34 |     7 ||    41
Dodge: Dodged            |    50 |    11 ||    61
Block: Buckler           |    19 |     2 ||    21
